 Dungeon Sprint DCSS version 0.28-a0-973-ga7f8b01127 (webtiles) character file.

Game seed: 13612145172167720120

2482 tatocazan the Spear-Bearer (level 9, -7/86 HPs)
             Began as a Minotaur Fighter on Dec 1, 2021.
             Was an Elder of Okawaru.
             Mangled by a two-headed ogre (18 damage)
             ... in the Dungeon (Sprint IX: "|||||||||||||||||||||||||||||").
             The game lasted 00:02:14 (598 turns).

tatocazan the Spear-Bearer (Minotaur Fighter)        Turns: 598, Time: 00:02:14

Health: -7/86      AC: 16    Str: 25    XL:     9   Next: 27%
Magic:  12/13      EV: 10    Int:  8    God:    Okawaru [****..]
Gold:   0          SH:  0    Dex: 10    Spells: 8/8 levels left

rFire   . . .      SeeInvis .   m - +2 halberd (venom)
rCold   . . .      Faith    .   (shield currently unavailable)
rNeg    . . .      Spirit   .   d - +0 plate armour
rPois   .          Reflect  .   (helmet restricted)
rElec   .          Harm     .   (no cloak)
rCorr   .          Rampage  .   (no gloves)
Will    .....      NoTele   +   (no boots)
Stlth   ..........              (no amulet)
HPRegen 0.24/turn               o - +2 ring of protection
MPRegen 0.13/turn               p - +3 ring of intelligence

@: hasted, very quick
A: horns 2, retaliatory headbutt
a: Renounce Religion, Heroism, Finesse


You were in the Dungeon.
You worshipped Okawaru.
Okawaru was greatly pleased with you.
You visited 1 branch

Inventory:

Hand Weapons
 a - a +0 trident
 m - a +2 halberd of venom (weapon)
Armour
 c - a +0 buckler
 d - a +0 plate armour (worn)
Jewellery
 o - a +2 ring of protection (left hand)
 p - a +3 ring of intelligence (right hand)
Wands
 l - a wand of acid (8)
Scrolls
 j - 2 scrolls of blinking
 k - 2 scrolls of amnesia
Potions
 e - 5 potions of curing
 f - 2 potions of heal wounds
 h - 4 potions of magic


   Skills:
 + Level 10.7 Fighting
 * Level 13.7 Polearms
 + Level 10.9 Armour
 + Level 8.3 Dodging
 + Level 10.7 Shields
 + Level 7.6 Invocations


You had 8 spell levels left.
You didn't know any spells.
Your spell library was empty.

Dungeon Overview and Level Annotations

Branches:
Dungeon (1/1)

Altars:
Cheibriados
Dithmenos
Elyvilon
Fedhas
Gozag
Hepliaklqana
Kikubaaqudgha
Makhleb
Nemelex Xobeh
Okawaru
Qazlal
Ru
Sif Muna
Trog
Uskayaw
Vehumet
Wu Jian
Xom
Yredelemnul
Zin
The Shining One
Beogh
Jiyva
Lugonu


Innate Abilities, Weirdness & Mutations

You have a pair of horns on your head.
You reflexively headbutt those who attack you in melee.


Message History

The efreet is severely wounded.
The efreet gestures at you.
The fireball explodes!
The fireball engulfs you!!
* * * LOW HITPOINT WARNING * * *
The fireball engulfs the efreet.
The efreet completely resists.
You take 18 damage, and have 16/86 hp.
MASSIVE DAMAGE!!
You impale the efreet!!
You kill the efreet!
Okawaru is honoured by your kill.
Aiming: Corrosive Bolt
Press: ? - help, Shift-Dir - straight line, f - two-headed ogre
Aim: a two-headed ogre, wielding two +0 giant clubs (86% to hit)
The bolt of acid hits the two-headed ogre!
The two-headed ogre is lightly wounded.
Aiming: Corrosive Bolt
Press: ? - help, Shift-Dir - straight line, f/p - two-headed ogre
Aim: a two-headed ogre, wielding two +0 giant clubs (lightly wounded, 86% to hit)
The bolt of acid hits the two-headed ogre!
The acid corrodes the two-headed ogre!
The two-headed ogre is moderately wounded.
Reach: m) +2 halberd (venom)
Press: ? - help, Dir - move target, f/p - two-headed ogre
Aim: a two-headed ogre, wielding two +0 giant clubs (moderately wounded, covered in acid, about 23% to evade your +2 halberd of venom)
You reach to attack!
You barely miss the two-headed ogre.
The two-headed ogre is moderately wounded.
Reach: m) +2 halberd (venom)
Press: ? - help, Dir - move target, f/p - two-headed ogre
Aim: a two-headed ogre, wielding two +0 giant clubs (moderately wounded, covered in acid, about 22% to evade your +2 halberd of venom)
You reach to attack!
Your plate armour prevents you from hitting the two-headed ogre.
The two-headed ogre is moderately wounded.
You slash the two-headed ogre!
The two-headed ogre is poisoned.
The two-headed ogre is heavily wounded.
You slice the two-headed ogre!!
The two-headed ogre looks as sick as possible!
The two-headed ogre is almost dead.
The two-headed ogre hits you with a +0 giant club.
* * * LOW HITPOINT WARNING * * *
The two-headed ogre hits you with a +0 giant club!!
You die...

▓+▓
▓.▓
▓.▓
▓.▓
▓.▓
▓O▓
▓@▓
▓'▓
▓.▓
▓.▓
▓.▓
▓.▓
▓.▓
▓[▓
▓)▓


You could see a two-headed ogre (extremely poisoned, corroded).

Vanquished Creatures
  A two-headed ogre (D)
  2 cyclopes (D)
  2 efreet (D)
  A slime creature (D)
  A yak (D)
  A vampire mosquito (D)
  An orc warrior (D)
  A howler monkey (D)
  A jelly (D)
  An orc wizard (D)
  An orc (D)
  A giant cockroach (D)
  A hobgoblin (D)
  A quokka (D)
  2 ball python zombies (D)
  A kobold (D)
  A quokka zombie (D)
  A rat (D)
21 creatures vanquished.

Notes
Turn   | Place    | Note
-------+----------+-------------------------------------------
     0 | D        | tatocazan the Minotaur Fighter began the quest for the Orb.
     0 | D        | Reached XP level 1. HP: 19/19 MP: 0/0
    22 | D        | Reached skill level 3 in Polearms
    31 | D        | Noticed a jelly
    39 | D        | Killed a jelly
    40 | D        | Reached skill level 5 in Fighting
    40 | D        | Reached skill level 4 in Polearms
    40 | D        | Reached skill level 5 in Armour
    40 | D        | Reached skill level 5 in Shields
    40 | D        | Reached XP level 2. HP: 19/29 MP: 1/1
    40 | D        | Reached XP level 3. HP: 24/36 MP: 2/2
    51 | D        | Found a snail-covered altar of Cheibriados.
    51 | D        | Found a shadowy altar of Dithmenos.
    51 | D        | Found a white marble altar of Elyvilon.
    51 | D        | Found a blossoming altar of Fedhas.
    51 | D        | Found an opulent altar of Gozag.
    52 | D        | Found a hazy altar of Hepliaklqana.
    53 | D        | Found a viscous altar of Jiyva.
    54 | D        | Found an ancient bone altar of Kikubaaqudgha.
    55 | D        | Found a corrupted altar of Lugonu.
    56 | D        | Found a burning altar of Makhleb.
    57 | D        | Found a sparkling altar of Nemelex Xobeh.
    58 | D        | Found an iron altar of Okawaru.
    59 | D        | Found a stormy altar of Qazlal.
    60 | D        | Found a sacrificial altar of Ru.
    61 | D        | Found a shimmering blue altar of Sif Muna.
    62 | D        | Found a bloodstained altar of Trog.
    63 | D        | Found a hide-covered altar of Uskayaw.
    64 | D        | Found a radiant altar of Vehumet.
    65 | D        | Found an ornate altar of the Wu Jian Council.
    66 | D        | Became a worshipper of Warmaster Okawaru
   132 | D        | Found a shimmering altar of Xom.
   133 | D        | Found a basalt altar of Yredelemnul.
   134 | D        | Found a glowing silver altar of Zin.
   135 | D        | Found a glowing golden altar of the Shining One.
   179 | D        | Noticed a yak
   179 | D        | Noticed a two-headed ogre
   179 | D        | Noticed an orc warrior
   179 | D        | Noticed a vampire mosquito
   184 | D        | Killed a vampire mosquito
   184 | D        | Reached * piety under Okawaru
   185 | D        | Reached skill level 7 in Polearms
   185 | D        | Reached XP level 4. HP: 38/45 MP: 2/5
   185 | D        | Reached XP level 5. HP: 43/51 MP: 2/6
   187 | D        | Killed a two-headed ogre
   187 | D        | Reached ** piety under Okawaru
   188 | D        | Reached skill level 10 in Polearms
   188 | D        | Reached skill level 5 in Invocations
   188 | D        | Reached XP level 6. HP: 54/62 MP: 2/9
   188 | D        | Reached XP level 7. HP: 60/69 MP: 2/10
   195 | D        | Reached skill level 11 in Polearms
   195 | D        | Reached *** piety under Okawaru
   205 | D        | Killed a yak
   206 | D        | Reached XP level 8. HP: 38/78 MP: 4/11
   565 | D        | Noticed a two-headed ogre
   565 | D        | Noticed an efreet
   565 | D        | Noticed a cyclops
   565 | D        | Noticed an efreet
   565 | D        | Noticed a slime creature
   565 | D        | Noticed a cyclops
   571 | D        | Killed a cyclops
   572 | D        | Reached skill level 12 in Polearms
   574 | D        | Killed a slime creature
   575 | D        | Reached skill level 10 in Armour
   577 | D        | Killed an efreet
   577 | D        | Reached **** piety under Okawaru
   578 | D        | Reached skill level 10 in Fighting
   578 | D        | Reached skill level 10 in Shields
   586 | D        | Killed a cyclops
   587 | D        | Reached skill level 13 in Polearms
   587 | D        | Reached XP level 9. HP: 34/86 MP: 11/13
   590 | D        | Killed an efreet
   598 | D        | Mangled by a two-headed ogre

Illustrated notes

Levels and vault maps discovered:
D:        linesprint [early_d, line_temple, items_1, d_10, items_2, lair_1,
          lair_end, items_3, orc_1, orc_end, items_4, d_15, swamp_1, shoals_1,
          snake_1, spider_1, d_20, vaults_1, items_5, swamp_end, shoals_end,
          snake_end, spider_end, vaults_end, d_27, items_6, zot_1, zot_end,
          crypt_end, forest_end, elf_end, slime_end, tomb_end, abyss_end,
          pan_hell_end]

Skill      XL: |  1  2  3  4  5  6  7  8 |
---------------+-------------------------+-----
Fighting       | 5 6 8 9 10 | 10.7
Armour         | 5 6 8 9 10 | 10.9
Shields        | 5 6 8 9 10 | 10.7
Polearms       | 4 7 10 11 13 | 13.7
Dodging        | 3 6 8 |  8.3
Invocations    | 2 5 6 7 |  7.6

Action                   |  1- 3 |  4- 6 |  7- 9 || total
-------------------------+-------+-------+-------++-------
Melee: Trident           |    33 |       |       ||    33
       Headbutt          |     6 |       |    10 ||    16
       Halberd           |     3 |     3 |    42 ||    48
Evoke: Wand              |       |       |     2 ||     2
  Use: Potion            |     3 |       |     2 ||     5
 Stab: Invisible         |     1 |       |     2 ||     3
Armor: Scale mail        |    15 |       |       ||    15
       Chain mail        |     3 |       |     6 ||     9
       Plate armour      |       |       |     1 ||     1
Dodge: Dodged            |    13 |       |     2 ||    15
Block: Buckler           |     5 |       |       ||     5

Table legend: (Time is in decaauts)
 A = Elapsed time spent in this place.
 B = Non-inter-level travel time spent in this place.
 C = Inter-level travel time spent in this place.
 D = Time resting spent in this place.
 E = Time spent auto-exploring this place.
 F = Levels seen in this place.
 G = Mean time per level.
                   A        B        C        D        E       F      G
               +--------+--------+--------+--------+--------+-----+--------+
         Total |    594 |    594 |      0 |    413 |      0 |   1 |  594.0 |
       Dungeon |    594 |    594 |      0 |    413 |      0 |   1 |  594.0 |
               +--------+--------+--------+--------+--------+-----+--------+

Top non-repeatable levels by time:
       D: 594 daAuts
